Map: Cyber Forest LE

Players

Throwfordays - Winner!

  • Race: Protoss Protoss
  • League: Silver
  • Spawn Location: 5:00

VOD

Have the link to the VOD?

Description

Time

  • Played on: April 23, 2019, 1:17 a.m.
  • Length: 18:41
Show
View Real Time Build Order
Export as new Build Order

Throwfordays Protoss - Winner!

Build Orders:  

Get SALT Encoding   

  12  0:03  Probe (Chrono Boost)  
  13  0:21  Pylon  
  13  0:28  Probe (Chrono Boost)  
  14  0:45  Probe (Chrono Boost)  
  15  0:51  Gateway  
  16  1:02  Probe (Chrono Boost)  
  16  1:06  Assimilator  
  16  1:19  Probe (Chrono Boost)  
  17  1:35  Probe (Chrono Boost)  
  18  1:53  Probe (Chrono Boost)  
  19  2:00  Nexus  
  19  2:17  Cybernetics Core  
  19  2:24  Probe (Chrono Boost)  
  20  2:32  Pylon  
  20  2:48  Assimilator, Probe (Chrono Boost)  
  21  3:02  Pylon  
  21  3:05  Probe (Chrono Boost)  
  23  3:22  Probe (Chrono Boost)  
  23  3:32  Robotics Facility  
  23  3:37  Probe (Chrono Boost)  
  23  3:40  Probe (Chrono Boost)  
  23  3:49  Probe (Chrono Boost)  
  25  3:52  Probe (Chrono Boost)  
  27  4:03  Probe (Chrono Boost)  
  27  4:05  Probe (Chrono Boost)  
  29  4:13  Warp Gate  
  29  4:15  Gateway  
  30  4:20  Probe (Chrono Boost)  
  30  4:22  Probe (Chrono Boost)  
  31  4:37  Gateway, Probe (Chrono Boost)  
  31  4:39  Probe (Chrono Boost)  
  33  4:47  Forge  
  33  4:54  Probe (Chrono Boost)  
  33  4:56  Probe (Chrono Boost)  
  35  5:07  Immortal  
  39  5:23  Probe (Chrono Boost)  
  39  5:26  Probe (Chrono Boost)  
  41  5:31  Protoss Ground Weapons Level 1  
  41  5:36  Stalker  
  41  5:37  Stalker  
  45  5:40  Probe (Chrono Boost)  
  45  5:43  Probe (Chrono Boost)  
  46  5:51  Assimilator  
  46  5:53  Assimilator, Immortal  
  47  6:00  Probe (Chrono Boost)  
  51  6:16  Pylon  
  51  6:20  Pylon  
  51  6:24  Pylon  
  51  6:26  Stalker  
  53  6:32  Probe (Chrono Boost)  
  54  6:43  Probe (Chrono Boost)  
  54  6:49  Probe (Chrono Boost)  
  56  6:53  Pylon  
  57  7:00  Pylon, Probe (Chrono Boost)  
  57  7:01  Immortal  
  57  7:06  Probe (Chrono Boost)  
  62  7:17  Forge, Probe (Chrono Boost)  
  63  7:20  Gateway  
  63  7:22  Gateway  
  63  7:43  Stalker  
  63  7:44  Stalker x2  
  61  8:26  Nexus  
  61  8:41  Nexus  
  61  8:44  Pylon  
  61  8:46  Probe (Chrono Boost)  
  63  8:51  Protoss Ground Armor Level 1, Probe (Chrono Boost)  
  63  8:57  Pylon  
  63  9:02  Probe (Chrono Boost)  
  63  9:08  Probe (Chrono Boost)  
  65  9:17  Immortal  
  65  9:19  Probe (Chrono Boost)  
  70  9:25  Twilight Council, Probe (Chrono Boost)  
  70  9:29  Protoss Shields Level 1  
  71  9:36  Probe (Chrono Boost)  
  73  9:42  Probe (Chrono Boost)  
  73  9:53  Probe (Chrono Boost)  
  73  9:58  Probe (Chrono Boost)  
  76  10:10  Probe (Chrono Boost)  
  76  10:12  Probe (Chrono Boost)  
  76  10:15  Probe (Chrono Boost)  
  78  10:22  Immortal  
  78  10:23  Probe (Chrono Boost)  
  78  10:27  Stalker x3, Probe (Chrono Boost)  
  78  10:29  Probe (Chrono Boost)  
  90  10:32  Probe (Chrono Boost)  
  90  10:37  Probe (Chrono Boost)  
  93  10:40  Probe (Chrono Boost)  
  93  10:44  Probe (Chrono Boost)  
  93  10:49  Probe (Chrono Boost)  
  96  10:52  Stalker x2  
  96  10:53  Probe x2 (Chrono Boost)  
  103  11:01  Probe (Chrono Boost)  
  103  11:06  Probe (Chrono Boost)  
  106  11:10  Probe x2 (Chrono Boost)  
  106  11:17  Warp Prism  
  108  11:27  Probe x2 (Chrono Boost)  
  110  11:34  Assimilator  
  110  11:39  Assimilator  
  110  11:44  Probe x2 (Chrono Boost)  
  110  11:45  Probe (Chrono Boost)  
  113  11:54  Protoss Ground Weapons Level 2  
  113  11:57  Assimilator  
  115  12:00  Assimilator  
  115  12:01  Probe (Chrono Boost)  
  115  12:02  Probe (Chrono Boost)  
  115  12:09  Immortal  
  119  12:17  Robotics Facility  
  119  12:19  Probe (Chrono Boost)  
  120  12:20  Robotics Facility  
  120  12:23  Robotics Facility  
  120  12:27  Robotics Facility  
  120  12:31  Gateway  
  120  12:35  Gateway  
  120  12:38  Gateway  
  120  12:52  Stalker x4  
  120  12:53  Stalker  
  116  14:02  Probe (Chrono Boost)  
  116  14:05  Probe (Chrono Boost)  
  117  14:11  Immortal x4  
  117  14:14  Immortal  
  117  14:18  Probe (Chrono Boost)  
  138  14:22  Probe (Chrono Boost)  
  139  14:35  Probe (Chrono Boost)  
  139  14:41  Probe (Chrono Boost)  
  139  14:54  Pylon  
  139  14:56  Pylon  
  139  14:58  Pylon  
  139  15:01  Pylon  
  139  15:03  Pylon  
  139  15:06  Pylon  
  139  15:08  Pylon  
  139  15:10  Pylon  
  129  16:08  Stalker  
  129  16:09  Stalker x4  
  133  16:10  Stalker x2  
  133  16:11  Stalker  
  139  17:23  Stalker x5  
  139  17:24  Stalker x3  
  155  18:15  Stalker  
  155  18:16  Stalker x5  
  155  18:17  Stalker x2  
Tags
 
League
Silver
Matchup
Co-op
Replay Pack
Multiplayer
Add a new tag
Caveats
  • Supply blocks, unpowered buildings, or Contaminate may cause inaccurate times.
  • Supply counts are checked every 10 seconds.